 Dungeon Crawl Stone Soup version 0.25-a0-1136-gc1285e62ab (webtiles) character file.

Game seed: 11422916862243498336, levelgen mode: deterministic

5250 Foltvindir the Geomancer (level 10, -5/59 HPs)
             Began as a Gargoyle Earth Elementalist on May 23, 2020.
             Was a High Priest of Vehumet.
             Slain by an orc knight
             ... wielding a +0 glaive
              (28 damage)
             ... in a bailey.
             The game lasted 00:25:07 (10755 turns).

Foltvindir the Geomancer (GrEE)                    Turns: 10755, Time: 00:25:08

Health: -5/59      AC: 16    Str: 13    XL:     10   Next: 62%
Magic:  19/19      EV: 13    Int: 24    God:    Vehumet [*****.]
Gold:   691        SH:  0    Dex: 10    Spells: 8/22 levels left

rFire    + . .     SeeInvis .   h - +3 dagger (venom)
rCold    . . .     Gourm    .   (no shield)
rNeg     + . .     Faith    .   c - +0 robe
rPois    ∞         Spirit   .   s - +1 helmet
rElec    +         Reflect  .   G - scarf {+Inv}
rCorr    .         Harm     .   k - +1 pair of gloves
MR       .....                  (no boots)
Stlth    ++........             B - amulet of magic regeneration
HPRegen  0.19/turn              x - +6 ring of intelligence
MPRegen  0.41/turn              y - ring of protection from fire

@: very slightly contaminated, invisible
A: talons 1, thin metallic scales 1, negative energy resistance 1, electricity
resistance, unbreathing, petrification resistance, rot immunity, AC +7
a: Renounce Religion


You were in a bailey.
You worshipped Vehumet.
Vehumet was extremely pleased with you.
You were hungry.

You visited 2 branches of the dungeon, and saw 10 of its levels.
You also visited: Sewer, Ossuary and Bailey.

You collected 691 gold pieces.

Inventory:

Hand Weapons
 h - a +3 dagger of venom (weapon)
 C - a +0 vorpal dire flail
 E - a +1 dire flail
 F - a +4 morningstar
Missiles
 b - 107 stones (quivered)
Armour
 c - a +0 robe (worn)
 k - a +1 pair of gloves (worn)
 s - a +1 helmet (worn)
 G - a scarf of invisibility (worn)
Jewellery
 v - an uncursed ring of resist corrosion
 x - a +6 ring of intelligence (left hand)
 y - a ring of protection from fire (right hand)
 B - an amulet of magic regeneration (around neck)
Scrolls
 f - 4 scrolls of amnesia
 i - 2 scrolls of blinking
 l - 3 scrolls of enchant armour
 q - 3 scrolls of remove curse
 u - 2 scrolls of teleportation
 A - 3 scrolls of enchant weapon
Potions
 a - 5 potions of curing
 e - 3 potions of might
 g - 3 potions of magic
 j - 3 potions of invisibility
 m - 2 potions of brilliance
 n - 3 potions of resistance
 o - 2 potions of stabbing
 p - 3 potions of cancellation
 r - 2 potions of mutation
 t - a potion of haste {unknown}
 w - a potion of ambrosia {unknown}
 z - 4 potions of heal wounds
 H - a potion of berserk rage {unknown}
 I - a potion of experience {unknown}
Comestibles
 d - 10 rations
 D - 3 chunks of flesh


   Skills:
 + Level 5.3 Fighting
 + Level 4.7 Maces & Flails
 + Level 5.2 Armour
 + Level 4.3 Dodging
 - Level 2.1 Stealth
 + Level 6.5 Spellcasting
 + Level 7.0 Conjurations
 - Level 0.7 Transmutations
 + Level 8.9 Earth Magic
 + Level 1.7 Evocations


You had 8 spell levels left.
You knew the following spells:

 Your Spells              Type           Power        Failure   Level  Hunger
a - Sandblast             Erth           ######       1%          1    None
b - Stone Arrow           Conj/Erth      #####.       1%          3    None
c - Lee's Rapid Deconstr  Erth           ######....   1%          5    #####..
d - Irradiate             Conj/Tmut      ####......   11%         5    #####..

Your spell library contained the following spells:

 Spells                   Type           Power        Failure   Level  Hunger
 Passwall                 Tmut/Erth      ####....     1%          2    None
 Petrify                  Tmut/Erth      ####....     11%         4    ###....


Dungeon Overview and Level Annotations

Branches:
Dungeon (9/15)             Temple (1/1) D:5            Lair (0/6) D:8
    Orc (0/2) D:9           Sewer (visited)         Ossuary (visited)
 Bailey (1/1)

Altars:
Ashenzari
Hepliaklqana
Makhleb
Okawaru
Qazlal
Sif Muna
Vehumet
The Shining One


Innate Abilities, Weirdness & Mutations

You are resistant to torment.
Your stone body is resilient. (AC +7)
You are immune to poison.
You resist negative energy. (rN+)
You are resistant to electric shocks. (rElec)
You can survive without breathing.
You are immune to petrification.
You are immune to rotting.
You have sharp toenails.
You are partially covered in thin metallic scales. (AC +2)


Message History

Okay, then.
You fade into invisibility!
You are feeling hungry.
You are very lightly contaminated with residual magic.
What are your orders? t - Shout!
Orders for allies: a - Attack new target. r - Retreat! s - Stop attacking. g - Guard the area. f - Follow me.
Anything else - Cancel.
You shout for attention!
The orc knight shouts!
The orc warrior shouts!
The orc knight shouts!
The orc knight shouts!
The orc knight hits you with a +0 glaive!!
The orc shouts!
The orc no longer looks unusually strong.
The orc knight hits you with a +0 glaive!
The orc hits you but does no damage.
The orc knight hits you with a +0 glaive!!
You die...

############ #####
##..........###.....###
#............'.......#.
#...?.....o..'.......o.
#∩...........'.......'.
#..?oo.o.....'..o....'.
#.....@......'.......#.
##..........###.....###
############ #####


You could see 3 orc knights and an orc.

Vanquished Creatures
  An elephant (D:8)
  A hornet (D:8)
  2 hippogriffs
  Sigmund (D:5)
  A basilisk (D:8)
  A water moccasin (D:6)
  2 ice beasts
  2 sky beasts
  10 orc warriors
  A hornet zombie (D:7)
  A phantom (D:8)
  A necrophage (D:7)
  An ogre (D:7)
  2 centaurs (D:8)
  A crocodile (D:8)
  4 big kobolds (Sewer)
  2 bullfrogs
  A scorpion (D:6)
  5 wights (D:7)
  A howler monkey (D:9)
  2 crimson imps
  A centaur skeleton (D:7)
  A human zombie (D:8)
  6 orc wizards
  2 orc priests
  2 hounds
  A jelly (D:5)
  An iguana (D:6)
  5 worker ants
  8 big kobold zombies (Ossuary)
  A hound skeleton (D:4)
  A mummy (Ossuary)
  3 worker ant zombies
  Robin (D:4)
  18 adders
  2 river rats
  3 shadow imps
  5 oozes
  A worm zombie (D:8)
  8 worms
  4 leopard geckos
  73 orcs
  4 spectral bats (Ossuary)
  7 bats
  5 giant cockroaches
  5 gnoll zombies
  8 hobgoblins
  3 jackals (D:7)
  3 quokkas
  6 ball pythons
  A bat simulacrum (Ossuary)
  9 frilled lizards
  15 goblins
  2 goblin simulacra (Ossuary)
  6 goblin zombies (Ossuary)
  3 hobgoblin zombies (Ossuary)
  A jackal skeleton (D:4)
  14 kobolds
  3 kobold simulacra (Ossuary)
  4 kobold zombies (Ossuary)
  A leopard gecko skeleton (D:8)
  5 orc zombies (Ossuary)
  15 rats
  6 rat simulacra (Ossuary)
  3 spectral goblins (Ossuary)
  3 spectral kobolds (Ossuary)
  3 spectral rats (Ossuary)
325 creatures vanquished.

Notes
Turn   | Place    | Note
-------+----------+-------------------------------------------
     0 | D:1      | Foltvindir the Gargoyle Earth Elementalist began the quest
                  | for the Orb.
     0 | D:1      | Reached XP level 1. HP: 10/10 MP: 3/3
   115 | D:1      | Reached XP level 2. HP: 15/15 MP: 3/5
   205 | D:1      | Reached skill level 4 in Earth Magic
  1058 | D:2      | Reached XP level 3. HP: 19/19 MP: 6/6
  1063 | D:2      | Learned a level 3 spell: Stone Arrow
  1175 | D:2      | Found a burning altar of Makhleb.
  1547 | D:2      | Reached skill level 1 in Conjurations
  1875 | D:2      | You fall into a shaft and drop 1 floor!
  1911 | D:3      | Reached XP level 4. HP: 15/24 MP: 8/8
  2040 | D:3      | Found a radiant altar of Vehumet.
  2046 | D:3      | Found a glowing golden altar of the Shining One.
  2047 | D:3      | Found a stormy altar of Qazlal.
  2047 | D:3      | Found a hazy altar of Hepliaklqana.
  2051 | D:3      | Became a worshipper of Vehumet
  2055 | D:3      | Found a shimmering blue altar of Sif Muna.
  2770 | D:3      | Reached skill level 5 in Earth Magic
  2843 | D:3      | Reached XP level 5. HP: 24/28 MP: 9/9
  3012 | D:3      | Found a faded altar of an unknown god.
  3066 | D:4      | Reached * piety under Vehumet
  3066 | D:4      | Offered knowledge of Magic Dart by Vehumet.
  3084 | D:4      | Found a glowing drain.
  3108 | Sewer    | Entered a sewer
  3333 | Sewer    | Noticed a big kobold
  3355 | Sewer    | Killed a big kobold
  3355 | Sewer    | Reached XP level 6. HP: 18/32 MP: 11/11
  3967 | Sewer    | Reached skill level 6 in Earth Magic
  4122 | Sewer    | Reached XP level 7. HP: 36/36 MP: 13/13
  4267 | D:4      | Noticed Robin
  4291 | D:4      | Killed Robin
  4478 | D:4      | Reached ** piety under Vehumet
  4480 | D:4      | Offered knowledge of Foxfire by Vehumet.
  4760 | D:4      | Found an iron altar of Okawaru.
  4791 | D:4      | Learned a level 5 spell: Lee's Rapid Deconstruction
  4973 | D:5      | Entered Level 5 of the Dungeon
  5060 | D:5      | Noticed Sigmund
  5205 | D:5      | Killed Sigmund
  5205 | D:5      | Reached skill level 1 in Fighting
  5205 | D:5      | Reached skill level 1 in Maces & Flails
  5205 | D:5      | Reached skill level 1 in Armour
  5205 | D:5      | Reached XP level 8. HP: 38/43 MP: 9/15
  5219 | D:5      | Offered knowledge of Frozen Ramparts by Vehumet.
  5221 | D:5      | Reached skill level 7 in Earth Magic
  5339 | D:5      | Found a staircase to the Ecumenical Temple.
  5390 | Temple   | Entered the Ecumenical Temple
  5505 | D:5      | Reached skill level 5 in Spellcasting
  5704 | D:5      | Gained mutation: You are partially covered in thin metallic
                  | scales. (AC +2) [potion of mutation]
  5704 | D:5      | Gained mutation: You have sharp toenails. [potion of
                  | mutation]
  6233 | D:6      | Reached skill level 5 in Conjurations
  6677 | D:6      | Reached *** piety under Vehumet
  7159 | D:7      | Noticed a hippogriff
  7166 | D:7      | Killed a hippogriff
  7166 | D:7      | Reached XP level 9. HP: 42/50 MP: 13/17
  7526 | D:7      | Offered knowledge of Airstrike by Vehumet.
  7644 | D:7      | Reached skill level 8 in Earth Magic
  8093 | D:8      | Noticed a hornet
  8106 | D:8      | Killed a hornet
  8213 | D:8      | Noticed an elephant
  8352 | D:8      | Found a staircase to the Lair.
  8363 | D:8      | Found a shattered altar of Ashenzari.
  8477 | D:8      | Found a sand-covered staircase.
  8485 | D:8      | Reached **** piety under Vehumet
  8507 | Ossuary  | Entered an ossuary
  8613 | Ossuary  | Offered knowledge of Ignite Poison by Vehumet.
  8771 | Ossuary  | Reached XP level 10. HP: 58/58 MP: 19/19
  8939 | Ossuary  | Reached ***** piety under Vehumet
  8939 | Ossuary  | Offered knowledge of Irradiate by Vehumet.
  9632 | D:8      | Killed an elephant
  9632 | D:8      | Reached skill level 1 in Evocations
  9676 | D:8      | Reached skill level 5 in Fighting
  9717 | D:8      | Reached skill level 5 in Armour
 10056 | D:9      | Noticed a two-headed ogre
 10075 | D:9      | Found a flagged portal.
 10083 | Bailey   | Entered a bailey
 10674 | Bailey   | Noticed an orc knight
 10718 | Bailey   | Learned a level 5 spell: Irradiate
 10732 | Bailey   | Noticed an orc knight
 10742 | Bailey   | Noticed an orc knight
 10742 | Bailey   | Noticed an orc knight
 10742 | Bailey   | Noticed an orc knight
 10755 | Bailey   | Slain by an orc knight

Illustrated notes

Levels and vault maps discovered:
D:1:      lemuel_arrival_lava_pool, layout_rooms
D:2:      layout_loops_corners, lemuel_coloured_pillars_altar, first_ration,
          minmay_statues_item
D:3:      kennysheep_big_flooded_room, layout_rooms, minitemple,
          chequers_ecumenical_altar_twisty
D:4:      layout_rooms, cheibrodos_sewer_entry_sluice, okawaru_trees_2,
          uniq_robin
D:5:      layout_layer_cave, minmay_temple_entry_drinking_statues,
          hangedman_abyss_or_decor_lesser_grid, chequers_serial_rivers_micro_b,
          nrook_mini_backslash, uniq_sigmund
D:6:      layout_loops_cross
D:7:      layout_rooms
D:8:      layout_loops_corners, david_lair_generic, basic_altar, special_room
          [special_room_orc], enter_ossuary_3
D:9:      layout_gridville, orc_0_dummy, enter_bailey_3
Temple:   compressed_dpeg_circular_temple
Bailey:   bailey_polearm_5, bailey

Skill      XL: |  1  2  3  4  5  6  7  8  9 10 |
---------------+-------------------------------+-----
Earth Magic    | 4 5 6 7 8 |  8.9
Conjurations   | 1 2 3 4 5 6 7 |  7.0
Spellcasting   | 3 4 5 6 |  6.5
Fighting       | 1 3 4 5 |  5.3
Maces & Flails | 1 2 3 4 |  4.7
Armour         | 1 3 4 5 |  5.2
Dodging        | 2 3 4 |  4.3
Evocations     | 1 |  1.7
Stealth        | |  2.1
Transmutations | |  0.7

Action                   |  1- 3 |  4- 6 |  7- 9 | 10-12 || total
-------------------------+-------+-------+-------+-------++-------
Melee: Unarmed           |     3 |       |       |       ||     3
       Dagger            |    83 |   204 |   397 |   222 ||   906
       Kick              |       |       |    61 |    67 ||   128
 Cast: Sandblast         |    17 |    18 |   108 |    10 ||   153
       Stone Arrow       |       |       |     5 |       ||     5
       Lee's Rapid Decon |       |       |     4 |    20 ||    24
 Abil: Evoke Invisibilit |       |       |       |     1 ||     1
  Use: Scroll            |     4 |     4 |    14 |     6 ||    28
       Potion            |       |       |     1 |     1 ||     2
 Stab: Sleeping          |     4 |     1 |     7 |       ||    12
       Distracted        |       |       |       |     1 ||     1
  Eat: Chunk             |     3 |     8 |    14 |     7 ||    32
       Ration            |       |       |     1 |     1 ||     2
Armor: Robe              |    35 |    77 |   202 |   133 ||   447
Dodge: Dodged            |    51 |   138 |   259 |   227 ||   675

Table legend:
 A = Non-vault XP
 B = Vault XP
 C = Vault XP percentage of total XP
 D = Non-vault monster count
 E = Vault monster count
 F = Vault count percentage of total count
                 A         B        C        D         E       F
            +---------+---------+-------+---------+---------+-------
      Total |    3883 |    3617 |  48.2 |     158 |     167 |  51.4
            +---------+---------+-------+---------+---------+-------
        D:1 |      23 |       0 |   0.0 |      17 |       0 |   0.0
        D:2 |      62 |       0 |   0.0 |      21 |       0 |   0.0
        D:3 |      88 |       4 |   4.3 |      22 |       2 |   8.3
        D:4 |     224 |      60 |  21.1 |      24 |      16 |  40.0
        D:5 |     409 |     223 |  35.3 |      14 |       1 |   6.7
        D:6 |     745 |       0 |   0.0 |      20 |       0 |   0.0
        D:7 |    1476 |       0 |   0.0 |      29 |       0 |   0.0
        D:8 |     791 |    1666 |  67.8 |       9 |      33 |  78.6
        D:9 |      65 |       2 |   3.0 |       2 |       1 |  33.3
      Sewer |       0 |     506 | 100.0 |       0 |      28 | 100.0
    Ossuary |       0 |     278 | 100.0 |       0 |      56 | 100.0
     Bailey |       0 |     878 | 100.0 |       0 |      30 | 100.0
            +---------+---------+-------+---------+---------+-------
